AoeStats
← Carple

Four Lakes

503196418Analyzed
4v4 RM · 1mo ago on Aug 30, 2026· 38m 39s· 8 players
Game mode
Random Map
Map size
Large (8 player)
Population
200
Speed
Normal
Resources
Standard
Victory
Conquest
Starting age
Dark Age
Ending age
Imperial Age
RankedLock teamsTeams togetherTeam positionsShared explorationLock speedFull tech treeHidden civsTurbo modeCheats
Victory
Defeat
🇵🇪 Dravidians · Peru
1167
+9
🇲🇽 Burgundians · Mexico
1139
+10
🇨🇴 Mongols · Colombia
1004
+16
🇺🇸 Franks · United States
961
+18
🇬🇧 Teutons · United Kingdom
1080
-17
🇨🇦 Khmer · Canada
1023
-14
🇸🇪 Malay · Sweden
977
-12
🇺🇸 Spanish · United States
964
-11
Patches
4:07 Loom
12:24 Feudal Age
13:16 Wheelbarrow
17:11 Castle Age
17:30 Pikeman
18:29 Forging
20:34 Fishing Lines
22:24 Hand Cart
25:39 Iron Casting
25:11 Scale Barding Armor
25:44 Husbandry
25:45 Gillnets
30:18 Squires
38:35 Imperial Age
37:21 Thumb Ring
37:16 Fletching
szczuply23
0:33 Loom
13:14 Feudal Age
13:38 Horse Collar
13:46 Double-Bit Axe
17:38 Stone Mining
20:36 Castle Age
23:38 Fletching
24:56 Gold Mining
36:26 Heavy Plow
36:43 Bow Saw
Carple
5:16 Loom
11:48 Feudal Age
13:35 Double-Bit Axe
16:15 Castle Age
14:08 Horse Collar
17:22 Husbandry
19:06 Town Watch
26:38 Pikeman
29:17 Bloodlines
31:05 Arson
34:30 Forging
34:21 Scale Mail Armor
34:56 Gold Mining
34:57 Stone Mining
35:24 Bow Saw
TheDrunkenKoala
0:40 Loom
12:07 Feudal Age
12:32 Horse Collar
12:42 Double-Bit Axe
13:49 Wheelbarrow
21:58 Castle Age
22:42 Elite Skirmisher
23:28 Thumb Ring
23:28 Stone Mining
23:28 Gold Mining
23:52 Bow Saw
23:46 Heavy Plow
24:19 Fishing Lines
27:52 Gambesons
27:28 Pikeman
28:08 Squires
34:10 Gillnets
36:04 Hand Cart
38:34 Forging
38:15 Fletching
MKNT NavyBlock
8:41 Loom
11:03 Feudal Age
16:54 Wheelbarrow
21:35 Castle Age
20:54 Wheelbarrow
22:22 Double-Bit Axe
23:36 Husbandry
23:58 Bow Saw
23:44 Gold Mining
26:39 Hand Cart
29:56 Scale Barding Armor
29:52 Scale Mail Armor
34:48 Gold Shaft Mining
34:03 Stone Mining
34:24 Fishing Lines
41:12 Imperial Age
rakz
8:27 Loom
11:58 Feudal Age
11:23 Fishing Lines
17:07 Fishing Lines
20:30 Castle Age
18:29 Gillnets
20:49 Forging
21:25 Husbandry
20:46 Cavalier
22:19 Scale Barding Armor
24:36 Iron Casting
28:00 Chain Barding Armor
29:16 Wheelbarrow
31:56 Imperial Age
31:59 Paladin
33:55 Blast Furnace
35:20 Gold Mining
38:25 Padded Archer Armor
38:26 Scale Mail Armor
38:16 Fletching
39:42 Chemistry
39:03 Ballistics
Dan96
9:47 Loom
11:54 Feudal Age
13:07 Double-Bit Axe
14:44 Wheelbarrow
14:48 Fishing Lines
17:00 Gold Mining
19:32 Castle Age
18:58 Fletching
19:15 Scale Barding Armor
20:18 Thumb Ring
20:19 Bodkin Arrow
20:43 Bow Saw
20:29 Gillnets
20:47 Husbandry
20:08 Light Cavalry
26:45 Ballistics
28:49 Hand Cart
35:01 Imperial Age
32:17 Town Watch
34:01 Town Patrol
34:30 Murder Holes
35:39 Medical Corps
37:09 Chemistry
36:20 Bracer
38:18 Chain Barding Armor
MKNT | MSP
9:08 Feudal Age
10:17 Loom
12:00 Double-Bit Axe
15:23 Fletching
22:57 Castle Age
22:20 Padded Archer Armor
23:54 Horse Collar
24:07 Stone Mining
24:08 Gold Mining
26:10 Forging
27:48 Bloodlines
28:38 Bodkin Arrow
28:58 Leather Archer Armor
28:49 Crossbowman
33:57 Wheelbarrow
34:36 Bow Saw
37:39 Imperial Age
35:34 Husbandry
37:05 Ballistics
36:57 Masonry
37:13 Town Watch
Connection lost

Rejoining the realm…

Still unreachable

The connection could not be restored.

Session expired

The server has moved on; the page needs a fresh start.